 Dungeon Crawl Stone Soup version 0.19.5 (webtiles) character file.

18 Gargoyl the Skirmisher (level 2, -6/27 HPs)
             Began as a Ghoul Abyssal Knight on May 6, 2017.
             Was an Initiate of Lugonu.
             Mangled by a gnoll
             ... wielding a +0 halberd
              (12 damage)
             ... on level 1 of the Dungeon.
             The game lasted 00:01:41 (389 turns).

Gargoyl the Skirmisher (Ghoul Abyssal Knight)        Turns: 389, Time: 00:01:41

Health: -6/27      AC:  3    Str: 13 (15) XL:     2   Next: 70%
Magic:  2/2        EV: 10    Int:  6 (7)  God:    Lugonu [......]
Gold:   89         SH:  8    Dex:  6 (8)  Spells: 0 memorised, 1 level left

rFire  . . .     SeeInvis .     a - +1 hand axe
rCold  + . .     Gourm    .     b - +0 leather armour
rNeg   + + +     Faith    .     h - +0 shield
rPois  ∞         Spirit   .     (no helmet)
rElec  .         Reflect  +     (no cloak)
rCorr  .         Harm     .     (no gloves)
MR     .....                    (no boots)
Stlth  +.........               g - +2 amulet of reflection
                                (no ring)
                                e - +2 ring of evasion

@: rotting
A: rotting body, claws 1, carnivore 3, cold resistance 1, negative energy
resistance 3, slow regeneration 1, torment resistance, unbreathing
a: Renounce Religion


You were on level 1 of the Dungeon.
You worshipped Lugonu.
Lugonu was noncommittal.
You were not hungry.

You visited 1 branch of the dungeon, and saw 1 of its levels.
You visited the Abyss 1 time.

You collected 89 gold pieces.

Inventory:

Hand Weapons
 a - a +1 hand axe (weapon)
Armour
 b - a +0 leather armour (worn)
 h - a +0 shield (worn)
Jewellery
 e - a +2 ring of evasion (left claw)
 g - a +2 amulet of reflection (around neck)
Comestibles
 c - a meat ration
 d - 12 chunks of flesh


   Skills:
 + Level 3.8 Fighting
 + Level 2.0 Axes
 * Level 2.0 Armour
 + Level 0.8 Dodging
 * Level 2.2 Invocations


You had one spell level left.
You didn't know any spells.

Dungeon Overview and Level Annotations

Branches:
Dungeon (1/15)

Altars:


Innate Abilities, Weirdness & Mutations

Your body is rotting away.
You thrive on raw meat.
You are immune to poison.
You have sharp fingernails.
You are carnivorous and can eat meat at any time.
Your flesh is cold resistant. (rC+)
You are immune to negative energy. (rN+++)
You regenerate slowly when monsters are visible.
You are immune to unholy pain and torment.
You can survive without breathing.


Message History

The gnoll hits you with a halberd!
* * * LOW HITPOINT WARNING * * *
This raw flesh tastes great!
It was a potion of curing.
You feel better. The gnoll misses you.
You barely miss the gnoll.
The gnoll is moderately wounded.
The gnoll hits you with a halberd!
Ouch! That really hurt!
* * * LOW HITPOINT WARNING * * *
You miss the gnoll.
The gnoll is moderately wounded.
The gnoll closely misses you.
It was a potion of degeneration.
There was something very wrong with that liquid.
You feel weakened.
You feel dopey.
You feel clumsy. The gnoll closely misses you.
Eat one of 12 chunks of flesh? (ye/n/q)
You start eating one of the 12 chunks of flesh.
The gnoll hits you with a halberd!
You die...

#..# #♣....)).........#
#####..# #.....#...........
#......# #.....#..........#
#.###..# #.....##.#.#.##>.#
#####.###..####.....##.....#
..#
......#......................
.#
......##........#...###..####
......#####.##.#.g.###..##
......# #.....@..#....####
#..########..........?......
.................(......g...
#..........##.....##.?......
#######..)......####........
#...)......# #......g#
#####.#.........#........
##.....#...............###
#..######...#.....##....


You could see a gnoll.

Vanquished Creatures
  2 leopard geckos (D:1)
  A giant cockroach (D:1)
  A goblin (D:1)
  A hobgoblin (D:1)
  3 jackals (D:1)
  4 kobolds (D:1)
  A bat (D:1)
  A rat (D:1)
14 creatures vanquished.

Notes
Turn   | Place    | Note
-------+----------+-------------------------------------------
     0 | Abyss:1  | Gargoyl the Ghoul Abyssal Knight began the quest for the Orb.
     0 | Abyss:1  | Reached XP level 1. HP: 19/19 MP: 1/1
   111 | Abyss:2  | Noticed a wretched star
   114 | D:1      | Escaped the Abyss
   197 | D:1      | Reached XP level 2. HP: 26/26 MP: 2/2
   389 | D:1      | Mangled by a gnoll

Skill      XL: |  1  2 |
---------------+-------+-----
Armour         | 2 |  2.0
Axes           | 2 |  2.0
Fighting       | |  3.8
Dodging        | |  0.8
Invocations    | |  2.2

Action                   || total
-------------------------++-------
Melee: Hand axe          ||    44
Invok: Depart the Abyss  ||     1
  Use: Scroll            ||     2
       Potion            ||     2
  Eat: Chunk             ||     6
Armor: Leather armour    ||    15
Dodge: Dodged            ||    48
Block: Shield            ||    22
       Other             ||     1
